 Dungeon Crawl Stone Soup version 0.25.0-9-g26727b657a (webtiles) character file.

Game seed: 16483548478558488188

310 protoss039 the Digger (level 6, -4/33 HPs)
             Began as a Deep Elf Earth Elementalist on June 19, 2020.
             Slain by a hobgoblin (7 damage)
             ... led by Robin
             ... on level 3 of the Dungeon.
             The game lasted 00:14:50 (3890 turns).

protoss039 the Digger (Deep Elf Earth Elementalist) Turns: 3890, Time: 00:14:50

Health: -4/33      AC:  3    Str:  3 (5)  XL:     6   Next: 18%
Magic:  13/15      EV: 13    Int: 19 (22) God:
Gold:   105        SH:  0    Dex: 14 (15) Spells: 9/15 levels left

rFire    . . .     SeeInvis .   r - +2 spear (venom)
rCold    . . .     Gourm    .   (no shield)
rNeg     . . .     Faith    .   c - +0 robe
rPois    .         Spirit   .   (no helmet)
rElec    .         Reflect  .   (no cloak)
rCorr    .         Harm     .   n - +0 pair of gloves
MR       .....                  (no boots)
Stlth    +++.......             (no amulet)
HPRegen  0.11/turn              (no ring)
MPRegen  0.14/turn              (no ring)

@: no status effects
A: no striking features
a: no special abilities


You were on level 3 of the Dungeon.
You were not hungry.

You visited 1 branch of the dungeon, and saw 4 of its levels.

You collected 105 gold pieces.

Inventory:

Hand Weapons
 m - a +0 dagger
 r - a +2 spear of venom (weapon)
 s - a +0 spear of freezing
 w - a +2 short sword of protection
Missiles
 b - 43 stones (quivered)
Armour
 c - a +0 robe (worn)
 n - a +0 pair of gloves (worn)
Jewellery
 y - an uncursed amulet of magic regeneration {unknown}
Scrolls
 e - a scroll of remove curse
 f - a scroll of amnesia
 j - 2 scrolls of blinking {unknown}
 q - a scroll of fog {unknown}
 u - a scroll of identify {unknown}
 x - a scroll of noise {unknown}
Potions
 a - 2 potions of ambrosia {unknown}
 g - a potion of might {unknown}
 h - 2 potions of flight
 i - 2 potions of lignification {unknown}
 k - a potion of stabbing {unknown}
 l - a potion of curing {unknown}
 p - a potion of invisibility {unknown}
 t - a potion of cancellation {unknown}
 v - 2 potions of brilliance {unknown}
Comestibles
 d - 2 rations
 o - a chunk of flesh


   Skills:
 + Level 0.6 Fighting
 - Level 2.4 Dodging
 + Level 3.9 Stealth
 + Level 5.1 Spellcasting
 + Level 1.5 Transmutations
 * Level 5.9 Earth Magic


You had 9 spell levels left.
You knew the following spells:

 Your Spells              Type           Power        Failure   Level  Hunger
a - Sandblast             Erth           ####..       1%          1    None
b - Passwall              Tmut/Erth      ###.....     4%          2    #......
c - Stone Arrow           Conj/Erth      ###...       11%         3    ##.....

Your spell library contained the following spells:

 Spells                   Type           Power        Failure   Level  Hunger
 Petrify                  Tmut/Erth      ###.....     26%         4    ####...
 Lee's Rapid Deconstruct  Erth           ####......   28%         5    ######.


Dungeon Overview and Level Annotations

Branches:
Dungeon (4/15)
 Temple: D:4-7

Altars:

Annotations:
D:4 Robin


Message History

Really abort (and waste the scroll)?
Okay, then.
The goblin barely misses you. x2; The hobgoblin hits you.
The goblin closely misses you.
Unknown command.
Casting: Sandblast (safe; 1% risk of failure)
Confirm with . or Enter, or press ? or * to list all spells.
Aiming: Passwall (safe; 4% risk of failure)
Press: ? - help, Dir - move target cursor A rock wall.
The goblin hits you with a +0 club. The goblin hits you with a +0 dagger.
The hobgoblin closely misses you. The goblin hits you.
* * * LOW HITPOINT WARNING * * *
You begin to meditate on the wall.
You continue meditating on the rock.
The goblin hits you with a +0 club.
* * * LOW HITPOINT WARNING * * *
The goblin hits you with a +0 dagger.
* * * LOW HITPOINT WARNING * * *
The hobgoblin hits you!
You die...

##......## #.##..... #..#....#
#..'..... ##.#....########.....
#########......'............
#.......#......########.....
#.......#......##.....#..÷..
#..............<#.#.#.#.....
#######.##gg#####.#.........
#...g@##......#.#.....
################g##.##...#....#..
......(.......÷#..).##...........
##############.#######..#######..
#..÷.# #..............#....
...#.# ##############.#.##.
####.# #....... #.# ###.#### #.#
#.#


You could see a hobgoblin (strong) and 3 goblins.

Vanquished Creatures
  An iguana (D:3)
  2 orc wizards (D:3)
  Natasha (thrice) (D:3)
  4 gnolls (D:2)
  4 adders
  An ooze (D:2)
  A worm (D:2)
  A leopard gecko (D:3)
  6 orcs (D:3)
  3 bats
  3 giant cockroaches
  9 goblins
  5 hobgoblins
  9 jackals
  4 kobolds
  3 ball pythons (D:3)
  5 frilled lizards
  9 rats
73 creatures vanquished.

Notes
Turn   | Place    | Note
-------+----------+-------------------------------------------
     0 | D:1      | protoss039 the Deep Elf Earth Elementalist began the quest
                  | for the Orb.
     0 | D:1      | Reached XP level 1. HP: 10/10 MP: 6/6
   594 | D:1      | Reached XP level 2. HP: 13/15 MP: 6/8
  1633 | D:2      | Reached XP level 3. HP: 19/19 MP: 8/10
  2032 | D:2      | Reached XP level 4. HP: 24/24 MP: 6/11
  2256 | D:2      | Learned a level 2 spell: Passwall
  2260 | D:2      | Learned a level 3 spell: Stone Arrow
  2362 | D:3      | Reached skill level 5 in Earth Magic
  2458 | D:3      | Noticed Natasha
  2467 | D:3      | Killed Natasha
  2467 | D:3      | Reached XP level 5. HP: 2/28 MP: 7/13
  2472 | D:3      | Noticed Natasha
  2491 | D:3      | Killed Natasha
  2688 | D:3      | Noticed Natasha
  2706 | D:3      | Killed Natasha
  3278 | D:3      | Reached XP level 6. HP: 33/33 MP: 15/15
  3343 | D:3      | Reached skill level 5 in Spellcasting
  3881 | D:4      | Noticed Robin
  3890 | D:3      | Slain by a hobgoblin

Illustrated notes

Levels and vault maps discovered:
D:1:      nicolae_arrival_memento_mori, layout_basic, chequers_big_river,
          minmay_tetromino_l2
D:2:      layout_loops_cross
D:3:      layout_basic, uniq_natasha
D:4:      layout_rooms, xom_redecorated, serial_shops, nicolae_shop_stone,
          nicolae_shop_temple_entry_statues_fountains, uniq_robin

Skill      XL: |  1  2  3  4  5  6 |
---------------+-------------------+-----
Earth Magic    | 4 5 |  5.9
Stealth        | 3 |  3.9
Spellcasting   | 4 5 |  5.1
Fighting       | |  0.6
Dodging        | |  2.4
Transmutations | |  1.5

Action                   |  1- 3 |  4- 6 || total
-------------------------+-------+-------++-------
Melee: Unarmed           |    17 |       ||    17
       Dagger            |    32 |       ||    32
       Spear             |       |    87 ||    87
Throw: Stone             |       |     1 ||     1
 Cast: Sandblast         |    37 |    21 ||    58
       Passwall          |       |     6 ||     6
  Use: Potion            |       |     3 ||     3
       Scroll            |       |     2 ||     2
 Stab: Sleeping          |     9 |     3 ||    12
       Distracted        |       |     1 ||     1
  Eat: Chunk             |     3 |     6 ||     9
Armor: Robe              |     5 |    15 ||    20
Dodge: Dodged            |    57 |    67 ||   124
